 Dungeon Crawl Stone Soup version 0.27-a0-223-ge082b6e869 (webtiles) character file.

Game seed: 1141301568031134414

40 inqbanana the Skirmisher (level 3, 0/29 HPs)
             Began as a Formicid Abyssal Knight on Feb 2, 2021.
             Was a Follower of Lugonu.
             Slain by a worm (2 damage)
             ... on level 2 of the Dungeon.
             The game lasted 00:01:50 (1182 turns).

inqbanana the Skirmisher (Formicid Abyssal Knight)  Turns: 1182, Time: 00:01:50

Health: 0/29       AC:  6    Str: 16    XL:     3   Next: 72%
Magic:  5/5        EV:  9    Int: 11    God:    Lugonu [*.....]
Gold:   55         SH:  0    Dex: 11    Spells: 2/2 levels left

rFire    . . .     SeeInvis +   a - +1 hand axe
rCold    . . .     Faith    .   (no shield)
rNeg     . . .     Spirit   .   c - +0 scale mail
rPois    .         Reflect  .   (helmet unavailable)
rElec    .         Harm     .   (no cloak)
rCorr    .         Rampage  .   (no gloves)
Will     .....                  (no boots)
Stlth    ..........             (no amulet)
HPRegen  0.09/turn              (no ring)
MPRegen  0.09/turn              (no ring)

@: no status effects
A: permanent stasis, dig shafts and tunnels, four strong arms, antennae 3
a: Dig, Shaft Self, Renounce Religion, Depart the Abyss


You were on level 2 of the Dungeon.
You worshipped Lugonu.
Lugonu was aware of your devotion.
You visited 1 branch of the dungeon, and saw 2 of its levels.
You visited the Abyss 1 time.

You collected 55 gold pieces.

Inventory:

Hand Weapons
 a - a +1 hand axe (weapon)
Armour
 c - a +0 scale mail (worn)
Scrolls
 b - a scroll of enchant weapon {unknown}
 d - a scroll of enchant armour {unknown}
 e - 2 scrolls of fear {unknown}
 f - 2 scrolls of teleportation {unknown}


   Skills:
 + Level 3.5 Fighting
 + Level 2.4 Axes
 + Level 2.5 Armour
 + Level 1.2 Dodging
 * Level 3.2 Invocations


You had 2 spell levels left.
You didn't know any spells.
Your spell library was empty.

Dungeon Overview and Level Annotations

Branches:
Dungeon (2/15)

Altars:
Vehumet


Innate Abilities, Weirdness & Mutations

You cannot be hasted, slowed, berserked, paralysed or teleported.
You can dig through walls and to a lower floor.
Your four strong arms can wield two-handed weapons with a shield.
You have a pair of large antennae on your head. (SInv)


Message History

The worm is moderately wounded.
The worm barely misses you.
You slash the worm!
The worm is severely wounded.
You hit the worm.
The worm is severely wounded.
The worm barely misses you.
You barely miss the worm.
The worm is severely wounded.
The worm bites you but does no damage.
You hit the worm.
The worm is severely wounded.
The worm bites you.
* * * LOW HITPOINT WARNING * * *
You hit the worm but do no damage.
The worm is severely wounded.
You hit the worm.
The worm is almost dead.
The worm bites you.
You die...

#......)...(..#
##.....!.†.....#
...............#
..............##
..............#
.......).†....###
.......†......#)#
..#####.#######.#
.. #...).†w@.#
#......†#.#####
#.......#.....#
#.......#####.#
#.......# #.#
#.......# #.#
######### #.# #.#
#.#


You could see a worm.

Vanquished Creatures
  An adder (D:2)
  2 leopard geckos (D:1)
  2 giant cockroaches
  2 goblins
  5 hobgoblins
  3 jackals (D:2)
  3 kobolds (D:2)
  4 bats
  A frilled lizard (D:1)
  3 rats (D:1)
26 creatures vanquished.

Notes
Turn   | Place    | Note
-------+----------+-------------------------------------------
     0 | Abyss:1  | inqbanana the Formicid Abyssal Knight began the quest for
                  | the Orb.
     0 | Abyss:1  | Reached XP level 1. HP: 18/18 MP: 2/2
    11 | Abyss:2  | Noticed a guardian serpent
    11 | Abyss:2  | Noticed a naga warrior
    11 | Abyss:2  | Noticed a naga
    11 | Abyss:2  | Noticed a salamander
    31 | D:1      | Escaped the Abyss
   233 | D:1      | Reached skill level 1 in Dodging
   235 | D:1      | Reached * piety under Lugonu
   236 | D:1      | Reached XP level 2. HP: 17/24 MP: 3/3
   756 | D:2      | Found a radiant altar of Vehumet.
  1011 | D:2      | Reached XP level 3. HP: 25/29 MP: 5/5
  1182 | D:2      | Slain by a worm

Illustrated notes

Levels and vault maps discovered:
D:1:      dpeg_arrival_orchard, layout_rooms
D:2:      layout_basic, vehumet_crystals

Skill      XL: |  1  2 |
---------------+-------+-----
Dodging        | 1 |  1.2
Invocations    | 3 |  3.2
Fighting       | |  3.5
Axes           | |  2.4
Armour         | |  2.5

Action                   || total
-------------------------++-------
Melee: Hand axe          ||    93
Invok: Depart the Abyss  ||     1
  Use: Scroll            ||     2
       Potion            ||     2
Armor: Scale mail        ||    37
Dodge: Dodged            ||    53

Table legend: (Time is in decaauts)
 A = Elapsed time spent in this place.
 B = Non-inter-level travel time spent in this place.
 C = Inter-level travel time spent in this place.
 D = Time resting spent in this place.
 E = Time spent auto-exploring this place.
 F = Levels seen in this place.
 G = Mean time per level.
                   A        B        C        D        E       F      G
               +--------+--------+--------+--------+--------+-----+--------+
         Total |   1198 |   1175 |     23 |     61 |    865 |   4 |  299.5 |
       Dungeon |   1168 |   1145 |     23 |     61 |    865 |   2 |  584.0 |
         Abyss |     30 |     30 |      0 |      0 |      0 |   2 |   15.0 |
               +--------+--------+--------+--------+--------+-----+--------+

Top non-repeatable levels by time:
     D:1: 731 daAuts
     D:2: 436 daAuts
 Abyss:2: 22 daAuts
 Abyss:1: 8 daAuts
